Map: [ESL] Oceanborn

Players

Krystianer

  • Race: Protoss Protoss
  • Spawn Location: 11:00

GunGFuBanDa - Winner!

  • Race: Protoss Protoss
  • Spawn Location: 5:00

Event: ESL SC2 Masters 2023 Winter (Regional)

VOD

Have the link to the VOD?

Description

Time

  • Played on: Nov. 11, 2023, 10:15 a.m.
  • Length: 18:52

All games in this series

Show
View Real Time Build Order
Export as new Build Order

Krystianer Protoss 

Build Orders: Blink Stalkers 

Get SALT Encoding   

  12  0:00  Probe  
  13  0:12  Probe  
  14  0:17  Pylon  
  14  0:24  Probe (Chrono Boost)  
  15  0:36  Probe (Chrono Boost)  
  15  0:37  Gateway  
  16  0:44  Probe (Chrono Boost)  
  16  0:45  Assimilator  
  17  0:50  Probe  
  17  0:53  Assimilator  
  18  1:03  Probe (Chrono Boost)  
  19  1:06  Gateway  
  20  1:12  Probe (Chrono Boost)  
  20  1:17  Probe (Chrono Boost)  
  20  1:23  Cybernetics Core  
  21  1:29  Probe  
  22  1:33  Pylon  
  22  1:41  Probe  
  22  1:45  Pylon  
  24  2:00  Stalker x2  
  27  2:02  Warp Gate  
  27  2:06  Probe  
  28  2:18  Pylon  
  28  2:19  Probe  
  29  2:30  Sentry  
  31  2:45  Nexus  
  31  2:48  Probe  
  31  3:06  Twilight Council  
  31  3:07  Shield Battery  
  31  3:08  Probe  
  32  3:14  Stalker  
  34  3:20  Probe  
  35  3:32  Pylon  
  35  3:33  Probe  
  36  3:40  Blink (Chrono Boost)  
  36  3:51  Probe (Chrono Boost)  
  36  3:52  Stalker  
  36  3:55  Stalker  
  41  3:58  Probe (Chrono Boost)  
  43  4:03  Probe (Chrono Boost)  
  43  4:09  Probe (Chrono Boost)  
  44  4:11  Probe (Chrono Boost)  
  44  4:14  Probe (Chrono Boost)  
  46  4:23  Stalker  
  49  4:24  Stalker  
  49  4:26  Shield Battery  
  49  4:30  Probe x2 (Chrono Boost)  
  52  4:39  Shield Battery  
  52  4:42  Probe (Chrono Boost)  
  54  4:46  Probe (Chrono Boost)  
  54  4:48  Robotics Facility, Probe (Chrono Boost), Stalker x2  
  59  4:53  Pylon  
  59  4:59  Probe  
  60  5:10  Nexus  
  60  5:15  Adept  
  60  5:16  Adept  
  60  5:19  Probe x2  
  66  5:25  Pylon  
  66  5:31  Probe x2 (Chrono Boost)  
  66  5:35  Forge  
  69  5:43  Probe x2 (Chrono Boost)  
  70  5:50  Probe (Chrono Boost)  
  70  5:51  Probe (Chrono Boost)  
  70  5:57  Probe, Stalker x2  
  70  5:58  Probe  
  70  6:00  Charge  
  74  6:05  Protoss Ground Weapons Level 1 (Chrono Boost)  
  74  6:07  Gateway  
  74  6:10  Probe (Chrono Boost)  
  76  6:11  Gateway, Probe (Chrono Boost)  
  76  6:13  Observer  
  77  6:21  Stalker x2  
  77  6:22  Probe (Chrono Boost)  
  84  6:27  Probe x2 (Chrono Boost)  
  84  6:28  Shield Battery, Probe (Chrono Boost)  
  85  6:34  Observer  
  85  6:36  Gateway x2  
  85  6:39  Gateway  
  86  6:43  Gateway  
  86  6:52  Pylon  
  86  6:54  Nexus, Probe  
  87  6:55  Probe  
  87  6:56  Probe  
  89  7:04  Gateway  
  89  7:07  Gateway  
  89  7:08  Probe x3  
  91  7:11  Photon Cannon  
  91  7:13  Warp Prism (Chrono Boost)  
  93  7:21  Pylon  
  93  7:23  Stalker x2  
  93  7:25  Probe  
  93  7:27  Probe  
  93  7:29  Stalker  
  101  7:33  Pylon  
  101  7:40  Pylon  
  101  7:41  Zealot x4  
  109  7:46  Pylon  
  109  7:59  Protoss Ground Weapons Level 2 (Chrono Boost)  
  109  8:03  Zealot x6  
  109  8:04  Zealot x2  
  125  8:07  Pylon  
  125  8:30  Zealot x10  
  121  8:52  Stalker x9  
  121  8:53  Zealot  
  139  8:59  Pylon  
  117  9:16  Zealot x10  
  129  9:24  Observer  
  129  9:26  Gateway  
  129  9:28  Gateway  
  129  9:31  Photon Cannon  
  115  9:38  Stalker x5  
  115  9:39  Zealot x5  
  115  9:44  Photon Cannon  
  135  9:49  Assimilator  
  135  9:51  Shield Battery  
  135  9:52  Pylon  
  133  10:06  Zealot x7  
  133  10:07  Stalker x2  
  128  10:36  Zealot x11  
  128  10:39  Protoss Ground Weapons Level 3 (Chrono Boost)  
  144  10:48  Photon Cannon  
  144  10:59  Probe  
  144  11:00  Probe  
  146  11:05  Zealot x2, Stalker x5  
  146  11:07  Probe  
  146  11:11  Probe  
  154  11:17  Zealot x4  
  139  11:18  Probe  
  127  11:28  Zealot x2  
  127  11:29  Zealot x2  
  123  11:37  Zealot x4  
  119  11:42  Zealot x2  
  119  11:43  Zealot x2  
  121  11:49  Zealot x3  
  127  11:55  Observer (Chrono Boost)  
  127  12:00  Observer  
  124  12:12  Stalker x5  
  134  12:16  Probe  
  134  12:18  Zealot x3  
  134  12:20  Nexus  
  134  12:21  Probe  
  140  12:25  Probe  
  135  12:35  Zealot x6  
  137  12:43  Observer  
  137  12:49  Zealot x3, Stalker x3  
  149  12:52  Probe x2  
  149  12:57  Zealot x3  
  139  13:08  Observer  
  139  13:09  Zealot  
  139  13:10  Zealot x5  
  137  13:14  Probe  
  137  13:15  Probe  
  137  13:19  Zealot x3  
  133  13:20  Zealot  
  133  13:24  Zealot x2  
  127  13:36  Probe  
  127  13:37  Pylon  
  127  13:38  Probe  
  130  13:41  Probe  
  130  13:49  Stalker x7  
  130  13:55  Zealot x3  
  121  14:20  Warp Prism (Chrono Boost)  
  121  14:22  Stalker x5  
  121  14:23  Adept  
  121  14:24  Zealot x6  
  126  14:25  Protoss Ground Armor Level 1 (Chrono Boost)  
  126  14:26  Probe  
  121  14:46  Stalker x5  
  121  14:47  Observer (Chrono Boost), Stalker x4  
  121  14:51  Photon Cannon  
  136  14:53  Shield Battery  
  136  14:54  Zealot x2  
  138  15:12  Observer (Chrono Boost)  
  133  15:15  Zealot x9  
  133  15:16  Zealot  
  133  15:17  Zealot  
  131  15:30  Probe  
  131  15:31  Observer (Chrono Boost), Probe  
  110  15:44  Stalker x7  
  110  15:49  Zealot x3  
  117  16:05  Nexus, Probe  
  117  16:10  Pylon  
  118  16:14  Probe  
  118  16:17  Zealot x4  
  127  16:19  Pylon  
  127  16:20  Probe  
  127  16:21  Observer  
  127  16:22  Probe  
  139  16:25  Protoss Ground Armor Level 2 (Chrono Boost)  
  129  16:37  Zealot x3  
  130  16:43  Zealot x2  
  133  16:54  Zealot x4  
  138  17:03  Zealot x3  
  105  17:37  Zealot x9  
  119  17:44  Photon Cannon  
  119  17:45  Robotics Facility  
  119  17:51  Assimilator  
  119  17:55  Assimilator  
  119  17:57  Zealot  
  119  17:58  Zealot  
  117  18:06  Zealot x3  
  123  18:13  Zealot x2  
  127  18:23  Zealot x3  
  131  18:34  Zealot x4  
  120  18:38  Zealot  
  85  18:42  Zealot  
  85  18:48  Zealot x2  
Show
View Real Time Build Order
Export as new Build Order

GunGFuBanDa Protoss - Winner!

Build Orders: Blink Stalkers 

Get SALT Encoding   

  12  0:00  Probe  
  13  0:12  Probe  
  14  0:17  Pylon  
  14  0:24  Probe (Chrono Boost)  
  16  0:36  Gateway  
  16  0:37  Probe (Chrono Boost)  
  16  0:43  Probe (Chrono Boost)  
  16  0:45  Assimilator  
  17  0:51  Probe  
  17  0:54  Assimilator  
  18  1:03  Probe (Chrono Boost)  
  19  1:07  Gateway  
  19  1:13  Probe (Chrono Boost)  
  19  1:18  Probe (Chrono Boost)  
  20  1:23  Cybernetics Core  
  21  1:29  Probe  
  22  1:33  Pylon  
  22  1:41  Probe  
  24  1:59  Stalker  
  24  2:00  Stalker  
  27  2:01  Warp Gate  
  27  2:04  Probe  
  28  2:24  Pylon  
  28  2:30  Stalker  
  30  2:38  Probe  
  30  2:42  Stalker  
  33  2:57  Shield Battery  
  33  3:06  Nexus  
  33  3:09  Sentry  
  33  3:12  Sentry  
  37  3:13  Probe  
  38  3:21  Pylon  
  38  3:26  Twilight Council  
  38  3:34  Probe (Chrono Boost)  
  39  3:43  Probe (Chrono Boost)  
  39  3:48  Probe (Chrono Boost)  
  39  3:54  Adept x2  
  44  3:58  Blink (Chrono Boost)  
  44  4:01  Probe  
  45  4:16  Probe (Chrono Boost)  
  46  4:19  Probe (Chrono Boost)  
  47  4:28  Probe (Chrono Boost)  
  47  4:29  Stalker x2, Probe (Chrono Boost)  
  53  4:36  Probe  
  53  4:37  Probe  
  55  4:48  Nexus  
  55  4:51  Probe  
  55  4:52  Probe  
  57  4:58  Stalker  
  59  5:01  Pylon  
  57  5:14  Stalker  
  57  5:15  Probe x2  
  57  5:20  Shield Battery  
  61  5:22  Stalker  
  61  5:27  Probe  
  64  5:33  Probe  
  63  5:35  Robotics Facility  
  63  5:37  Stalker  
  63  5:39  Probe  
  66  5:45  Probe (Chrono Boost)  
  64  5:51  Stalker  
  64  5:55  Probe (Chrono Boost)  
  65  5:57  Probe (Chrono Boost)  
  65  6:01  Assimilator  
  66  6:07  Probe (Chrono Boost), Forge  
  66  6:08  Probe (Chrono Boost)  
  66  6:09  Probe (Chrono Boost), Stalker  
  70  6:16  Probe (Chrono Boost)  
  70  6:17  Probe (Chrono Boost)  
  73  6:19  Probe (Chrono Boost)  
  73  6:20  Probe (Chrono Boost)  
  73  6:24  Stalker  
  73  6:25  Observer, Probe (Chrono Boost)  
  78  6:28  Pylon  
  78  6:31  Protoss Ground Weapons Level 1 (Chrono Boost), Probe x2 (Chrono Boost)  
  80  6:38  Stalker  
  85  6:40  Probe x2 (Chrono Boost)  
  85  6:42  Probe (Chrono Boost)  
  85  6:45  Probe (Chrono Boost)  
  85  6:46  Gateway  
  85  6:47  Probe  
  85  6:49  Gateway  
  85  6:51  Probe  
  85  6:52  Observer  
  89  6:57  Probe, Stalker  
  89  7:00  Probe  
  93  7:08  Pylon  
  93  7:11  Pylon  
  93  7:19  Gateway  
  93  7:23  Assimilator  
  93  7:25  Gateway  
  93  7:26  Gateway, Stalker x2, Probe x3  
  93  7:29  Observer  
  100  7:37  Pylon  
  100  7:38  Probe x3  
  100  7:40  Pylon  
  100  7:43  Stalker  
  105  8:00  Pylon  
  105  8:02  Dark Shrine, Pylon  
  105  8:04  Pylon  
  105  8:05  Assimilator, Shield Battery  
  105  8:09  Pylon, Stalker x4  
  105  8:10  Pylon  
  113  8:15  Nexus  
  112  8:30  Nexus  
  112  8:33  Stalker x6  
  124  8:36  Stalker  
  124  8:38  Protoss Ground Weapons Level 2 (Chrono Boost)  
  122  8:54  Pylon  
  122  8:57  Stalker  
  122  8:58  Stalker x2  
  122  9:05  Zealot x2  
  122  9:06  Zealot x2  
  122  9:14  Shield Battery  
  108  9:22  Dark Templar  
  108  9:23  Dark Templar x2  
  106  9:32  Stalker x3  
  106  9:36  Shield Battery  
  106  9:37  Photon Cannon  
  108  9:40  Probe  
  108  9:44  Probe (Chrono Boost)  
  108  9:45  Probe x2 (Chrono Boost)  
  112  9:48  Shield Battery  
  112  9:49  Photon Cannon  
  112  9:52  Stalker  
  114  9:53  Probe (Chrono Boost)  
  114  9:57  Pylon  
  117  10:01  Probe x2 (Chrono Boost)  
  117  10:03  Stalker x6  
  128  10:12  Shield Battery  
  118  10:24  Stalker  
  120  10:30  Observer  
  120  10:35  Stalker x3  
  114  10:36  Stalker x2  
  114  10:37  Nexus  
  120  10:45  Shield Battery  
  120  10:47  Photon Cannon  
  120  10:49  Observer (Chrono Boost)  
  121  10:55  Stalker  
  121  10:56  Stalker  
  125  11:03  Stalker x5  
  124  11:22  Zealot x2  
  116  11:27  Zealot x3  
  114  11:34  Zealot x2  
  105  11:40  Immortal (Chrono Boost), Protoss Ground Weapons Level 3 (Chrono Boost)  
  105  11:44  Observer  
  103  11:47  Stalker x3  
  103  11:48  Stalker x2  
  103  11:50  Gateway  
  103  11:53  Assimilator  
  112  12:08  Stalker x2  
  112  12:13  Observer  
  117  12:17  Stalker x4  
  125  12:25  Robotics Bay  
  123  12:46  Stalker x4  
  123  12:47  Stalker x4  
  139  13:01  Pylon x2  
  127  13:14  Zealot x3  
  127  13:15  Stalker x5  
  129  13:20  Observer  
  129  13:21  Disruptor  
  127  13:34  Pylon  
  127  13:35  Stalker x3  
  127  13:36  Nexus  
  127  13:39  Stalker x3  
  127  13:40  Stalker  
  141  13:54  Disruptor (Chrono Boost)  
  141  14:00  Stalker x4  
  141  14:28  Stalker x5  
  141  14:30  Sentry  
  151  14:31  Nexus  
  151  14:36  Observer (Chrono Boost)  
  152  14:38  Dark Templar  
  154  14:53  Disruptor (Chrono Boost)  
  156  15:08  Dark Templar x4  
  164  15:15  Protoss Shields Level 1 (Chrono Boost)  
  152  15:33  Stalker x2  
  152  15:34  Stalker  
  135  15:42  Shadow Stride (Chrono Boost)  
  129  16:04  Stalker x6  
  141  16:15  Stalker x2  
  145  16:20  Observer  
  145  16:24  Nexus  
  143  16:46  Disruptor (Chrono Boost)  
  143  16:51  Archon  
  143  17:00  Stalker x8  
  159  17:02  Assimilator  
  159  17:03  Assimilator, Pylon  
  148  17:28  Dark Templar x2  
  130  17:50  Nexus  
  130  17:52  Pylon  
  130  17:57  Stalker x5  
  140  17:59  Observer  
  140  18:02  Disruptor (Chrono Boost)  
  138  18:09  Photon Cannon  
  138  18:10  Shield Battery  
  118  18:46  Stalker x8  
Tags
 
Add a new tag
Caveats
  • Supply blocks, unpowered buildings, or Contaminate may cause inaccurate times.
  • Supply counts are checked every 10 seconds.